cohdb
Replays
Latest Replays
All Replays
Popular Replays
Top Player Replays
Match Explorer
How It Works
Community
CoH3 Stats
Reddit
Sign in to upload your games and track your stats! →
Sign in with Steam
Match 42969485
Unlisted
Match 42969485
Overview
Messages
Build Orders
End
Construct Barracks
Riflemen Squad
Engineer Squad
Riflemen Squad
Grenade Package
Riflemen Squad
Infantry Support Center
Construct Medical Station
M1 Mortar Team
Construct Motor Pool
Selects Heavy Weapons
Selects Assault Carriers
Selects Halftrack Strongpoints
Construct Weapon Support Center
M3 Assault Carrier
M1919 Machine Gun Team
M1919 Machine Gun Team
Selects M2HB .50cal Heavy Machine Gun
Riflemen Squad
Riflemen Squad
Construct Tank Depot
M4(105) Sherman Bulldozer
Riflemen Squad
Riflemen Squad
Selects M26 Pershing Heavy Tank
M26 Pershing Heavy Tank
Nukepapa
Sam
koko z
Krieghound
0
0
Comments
sign in to comment!
No comments posted yet!